WCHLSIM.com - West Coast Hockey League
html PUBLIC "-//W3C//DTD XHTML 1.0 Transitional//EN" "http://www.w3.org/TR/xhtml1/DTD/xhtml1-transitional.dtd"> WCHL - Game 991 - LONG BEACH BARACUDAS vs ANCHORAGE ACES

LONG BEACH BARACUDAS vs ANCHORAGE ACES

Created - 11 mars 2023 at 09:07

Goals
1 2 3 T
LONG BEACH BARACUDAS 0 1 1 2
ANCHORAGE ACES 0 1 0 1
Shots
1 2 3 T
LONG BEACH BARACUDAS 6 7 10 23
ANCHORAGE ACES 4 14 6 24

1st period

No Goal

Penalties :
Alex Goligoski (ANC) for Tripping (Minor) at 8:22

2nd period

1. LONG BEACH BARACUDAS , William Karlsson 13 (Seth Jarvis 22, Jaden Schwartz 17) at 10:29
2. ANCHORAGE ACES , Nathan MacKinnon 37 (Joshua Norris 31) at 14:16

Penalties :
Jack Johnson (ANC) for Hooking (Minor) at 15:15, Alex Pietrangelo (LOB) for Interference (Minor) at 18:54

3rd period

3. LONG BEACH BARACUDAS , Craig Smith 9 (Nicklas Backstrom 13, P.K. Subban 6) at 14:26 (PP)

Penalties :
Nathan MacKinnon (ANC) for Hooking (Minor) at 6:47, Jonathan Audy-Marchessault (ANC) for Hooking (Minor) at 13:12

Goalie Stats

Pyotr Kochetkov (LOB), 23 saves from 24 shots - (0,958), W, 7-8-1, 60:00 minutes
Darcy Kuemper (ANC), 21 saves from 23 shots - (0,913), L, 34-11-2, 59:09 minutes

Players Stats for LONG BEACH BARACUDAS

Player Name              G  A  P  +/- PIM S  H  SB GA TA FO     MP     PP MP  PK MP  
------------------------------------------------------------------------------------
Alex Pietrangelo         0  0  0  -1  2   0  2  2  0  0  0/0    17:54   2:10   0:00 
Alexander Romanov        0  0  0   0  0   0  2  2  0  0  0/0    21:25   0:40   1:59 
Alexandre Texier         0  0  0  -1  0   0  0  0  0  0  4/18   11:40   0:00   0:00 
Antoine Roussel          0  0  0  -1  0   1  1  1  0  0  0/1    11:04   0:00   0:00 
Brock McGinn             0  0  0   0  0   1  2  0  0  0  0/2    19:03   3:18   0:26 
Craig Smith              1  0  1  -1  0   3  1  0  0  0  0/0    15:55   3:18   1:33 
Derek Stepan             0  0  0   0  0   1  0  0  0  0  6/11   10:49   3:53   0:00 
Derrick Pouliot          0  0  0   1  0   0  0  1  0  0  0/0    15:22   1:21   0:00 
Jaden Schwartz           0  1  1   1  0   4  1  0  0  0  2/4    22:10   3:53   0:26 
James Neal               0  0  0   0  0   0  0  0  0  0  0/0     6:56   0:00   0:00 
Nicklas Backstrom        0  1  1   0  0   3  0  0  0  0  10/15  20:14   3:18   1:33 
P.K. Subban              0  1  1   1  0   0  2  1  0  0  0/0    22:34   3:32   1:30 
Robbie Russo             0  0  0  -1  0   0  0  0  0  0  0/0    23:17   2:48   0:00 
Robert Fabbri            0  0  0   0  0   0  0  0  0  0  0/0     6:56   0:00   0:00 
Ryan Murray              0  0  0   0  0   1  0  0  0  0  0/0    18:27   3:51   0:29 
Seth Jarvis              0  1  1   1  0   3  0  1  0  0  0/3    21:24   3:53   0:00 
Taylor Hall              0  0  0   0  0   2  1  1  0  0  0/0    14:59   0:00   0:00 
William Karlsson         1  0  1   1  0   4  1  0  0  0  10/15  17:51   0:00   0:00 

Players Stats for ANCHORAGE ACES

Player Name              G  A  P  +/- PIM S  H  SB GA TA FO     MP     PP MP  PK MP  
------------------------------------------------------------------------------------
Alex Goligoski           0  0  0   0  2   1  4  1  0  0  0/0    18:05   1:12   2:43 
Andrew Ladd              0  0  0  -1  0   1  0  0  0  0  0/0     2:41   0:00   0:00 
Chris Kreider            0  0  0   1  0   5  2  1  0  0  3/3    18:29   1:12   0:00 
Connor McDavid           0  0  0   0  0   4  2  0  0  0  8/18   18:34   1:12   0:00 
Erik Haula               0  0  0   0  0   0  1  0  0  0  12/16  17:26   0:00   3:56 
Jack Johnson             0  0  0   0  2   0  2  0  0  0  0/0     6:54   0:00   0:00 
Jakob Chychrun           0  0  0   0  0   0  0  0  0  0  0/0    19:35   0:47   1:05 
Jani Hakanpaa            0  0  0   0  0   0  5  1  0  0  0/0    15:24   0:00   3:23 
John Klingberg           0  0  0   0  0   0  0  0  0  0  0/0    13:13   1:12   0:00 
Jonathan Audy-Marchessau 0  0  0   0  2   0  0  0  0  0  0/0    18:33   1:12   0:00 
Joshua Norris            0  1  1   1  0   5  2  0  0  0  6/20   18:04   0:47   0:00 
Nathan MacKinnon         1  0  1   1  2   3  1  0  0  0  1/1    19:01   0:47   0:00 
Nikolaj Ehlers           0  0  0   0  0   1  0  0  0  0  0/1    14:33   0:47   0:08 
Patric Hornqvist         0  0  0   0  0   0  0  0  0  0  1/2    17:23   0:00   3:53 
Phillip Danault          0  0  0  -1  0   4  2  2  0  0  5/7    22:12   0:00   3:15 
Ryan Lomberg             0  0  0  -1  0   0  1  0  0  0  1/1     5:51   0:00   3:10 
Ryan Pulock              0  0  0   0  0   0  1  0  0  0  0/0    19:59   0:00   3:14 
Seth Jones               0  0  0   0  0   0  1  0  0  0  0/0    26:48   0:47   3:57 

3 Stars

1 - William Karlsson (LOB)
2 - Pyotr Kochetkov (LOB)
3 - P.K. Subban (LOB)

Power Play

LONG BEACH BARACUDAS - 1 on 4 Attempt(s) - 25,00%
ANCHORAGE ACES - 0 on 1 Attempt(s) - 0,00%

Penalty Kill

LONG BEACH BARACUDAS - 1 on 1 Attempt(s) - 100,00% - Score 0 goal in Penalty Kill
ANCHORAGE ACES - 3 on 4 Attempt(s) - 75,00% - Score 0 goal in Penalty Kill

Team Stat

LONG BEACH BARACUDAS - Hits : 13 - Faceoff Wins : 32 - Blocked Shots : 9 - Penalty Minutes : 2
ANCHORAGE ACES - Hits : 24 - Faceoff Wins : 37 - Blocked Shots : 5 - Penalty Minutes : 8

Official

Referees : Mike Duco and Jake Brenk
Linesman : Jesse Marquis and Stephen Drain

Game Notes

Alex Pietrangelo is injured at 6:43 of 3rd period (Concussion)

Finance

Level 1 -- Attendance: 4988 (83,13%) -- Ticket Income 997 600 $
Level 2 -- Attendance: 5000 (100,00%) -- Ticket Income 625 000 $
Level 3 -- Attendance: 2000 (100,00%) -- Ticket Income 208 000 $
Level 4 -- Attendance: 4000 (100,00%) -- Ticket Income 280 000 $
Luxury Box -- Attendance: 877 (87,70%) -- Ticket Income 285 025 $
Game was played at the Alaska Center.
Total Attendance: 16865 (93,69%)
Total Ticket Income: 2 395 625 $
Other Expense: 23 956 $
Total Income: 2 371 669 $

LONG BEACH BARACUDAS

5 vs 5 Forward 
   Center                   Left Wing                Right Wing               Time % Phy DF OF 
 1 William Karlsson         Jaden Schwartz           Seth Jarvis              38     0   2  3  
 2 Nicklas Backstrom        Brock McGinn             Taylor Hall              31     0   2  3  
 3 Alexandre Texier         Antoine Roussel          Craig Smith              21     0   3  2  
 4 Derek Stepan             Robert Fabbri            James Neal               10     0   4  1  

5 vs 5 Defense 
   Defense                  Defense                                           Time % Phy DF OF 
 1 Alex Pietrangelo         Robbie Russo                                      36     0   3  2  
 2 Ryan Murray              Alexander Romanov                                 31     0   3  2  
 3 Derrick Pouliot          P.K. Subban                                       23     0   4  1  
 4 P.K. Subban              Alexander Romanov                                 10     0   4  1  

PowerPlay Forward 
   Center                   Left Wing                Right Wing               Time % Phy DF OF 
 1 Brock McGinn             Nicklas Backstrom        Craig Smith              55     0   0  5  
 2 Derek Stepan             Jaden Schwartz           Seth Jarvis              45     0   0  5  

PowerPlay Defense
   Defense                  Defense                                           Time % Phy DF OF 
 1 Alex Pietrangelo         Ryan Murray                                       55     0   0  5  
 2 P.K. Subban              Robbie Russo                                      45     0   0  5  

Penalty Kill 4 Players Forward 
   Center                   Wing                     Time % Phy DF OF 
 1 Nicklas Backstrom        Craig Smith              55     0   5  0  
 2 Jaden Schwartz           Brock McGinn             45     0   5  0  

Penalty Kill 4 Players Defense
   Defense                  Defense                  Time % Phy DF OF 
 1 P.K. Subban              Alex Pietrangelo         55     0   5  0  
 2 Ryan Murray              Alexander Romanov        45     0   5  0  

Penalty Kill - 3 Players Forward 
   Forward                                           Time % Phy DF OF 
 1 Craig Smith                                       55     0   5  0  
 2 Nicklas Backstrom                                 45     0   5  0  

Penalty Kill - 3 Players Defense
   Defense                  Defense                  Time % Phy DF OF 
 1 Alexander Romanov        Alex Pietrangelo         55     0   5  0  
 2 P.K. Subban              Ryan Murray              45     0   5  0  

4 vs 4 Forward 
   Center                   Wing                     Time % Phy DF OF 
 1 Jaden Schwartz           James Neal               55     0   2  3  
 2 Nicklas Backstrom        Craig Smith              45     0   2  3  

4 vs 4 Defense
   Defense                  Defense                  Time % Phy DF OF 
 1 Alex Pietrangelo         P.K. Subban              55     0   2  3  
 2 Derrick Pouliot          Robbie Russo             45     0   2  3  

Last Minutes Offensive
   Center                   Left Wing                Right Wing               Defense                  Defense                  
   William Karlsson         Brock McGinn             Craig Smith              Alex Pietrangelo         Derrick Pouliot          

Last Minutes Defensive
   Center                   Left Wing                Right Wing               Defense                  Defense                  
   William Karlsson         Jaden Schwartz           Brock McGinn             Alexander Romanov        Ryan Murray              

Goaltenders
Starting : Pyotr Kochetkov          
Backup : Martin Jones             

Extra Forwards
Normal : Jaden Schwartz, Craig Smith, William Karlsson - PP : Jaden Schwartz, Nicklas Backstrom - PK : Nicklas Backstrom
Extra Defensemen
Normal : Alex Pietrangelo, Derrick Pouliot, P.K. Subban - PP : P.K. Subban - PK : Alex Pietrangelo, P.K. Subban
Penalty Shots
Craig Smith, Jaden Schwartz, Seth Jarvis, Derek Stepan, Nicklas Backstrom
Custom OT Lines Forwards
William Karlsson, Seth Jarvis, Jaden Schwartz, Nicklas Backstrom, James Neal, Derek Stepan, Craig Smith, Taylor Hall, Alexandre Texier, Brock McGinn
Custom OT Lines Defensemen
Alex Pietrangelo, Derrick Pouliot, P.K. Subban, Alexander Romanov, Ryan Murray

Scratches
Boris Katchouk (Healthy), Nolan Patrick (Strained Right Elbow Injury), Cory Schneider (Healthy)

ANCHORAGE ACES

5 vs 5 Forward 
   Center                   Left Wing                Right Wing               Time % Phy DF OF 
 1 Connor McDavid           Phillip Danault          Jonathan Audy-Marchessaul32     0   1  4  
 2 Joshua Norris            Chris Kreider            Nathan MacKinnon         32     0   1  4  
 3 Erik Haula               Nikolaj Ehlers           Patric Hornqvist         28     0   2  3  
 4 Phillip Danault          Ryan Lomberg             Andrew Ladd              8      1   2  2  

5 vs 5 Defense 
   Defense                  Defense                                           Time % Phy DF OF 
 1 Seth Jones               Alex Goligoski                                    34     1   2  2  
 2 Jakob Chychrun           Ryan Pulock                                       31     1   2  2  
 3 Jani Hakanpaa            John Klingberg                                    24     1   2  2  
 4 Seth Jones               Jack Johnson                                      11     1   2  2  

PowerPlay Forward 
   Center                   Left Wing                Right Wing               Time % Phy DF OF 
 1 Connor McDavid           Chris Kreider            Jonathan Audy-Marchessaul50     1   0  4  
 2 Joshua Norris            Nikolaj Ehlers           Nathan MacKinnon         50     0   0  5  

PowerPlay Defense
   Defense                  Defense                                           Time % Phy DF OF 
 1 Seth Jones               Jakob Chychrun                                    50     0   2  3  
 2 John Klingberg           Alex Goligoski                                    50     1   2  2  

Penalty Kill 4 Players Forward 
   Center                   Wing                     Time % Phy DF OF 
 1 Phillip Danault          Ryan Lomberg             50     1   2  2  
 2 Erik Haula               Patric Hornqvist         50     1   2  2  

Penalty Kill 4 Players Defense
   Defense                  Defense                  Time % Phy DF OF 
 1 Alex Goligoski           Seth Jones               50     1   2  2  
 2 Ryan Pulock              Jani Hakanpaa            50     1   2  2  

Penalty Kill - 3 Players Forward 
   Forward                                           Time % Phy DF OF 
 1 Phillip Danault                                   55     1   2  2  
 2 Erik Haula                                        45     1   2  2  

Penalty Kill - 3 Players Defense
   Defense                  Defense                  Time % Phy DF OF 
 1 Alex Goligoski           Seth Jones               55     1   2  2  
 2 Ryan Pulock              Jani Hakanpaa            45     1   2  2  

4 vs 4 Forward 
   Center                   Wing                     Time % Phy DF OF 
 1 Connor McDavid           Phillip Danault          50     1   2  2  
 2 Joshua Norris            Nathan MacKinnon         50     1   2  2  

4 vs 4 Defense
   Defense                  Defense                  Time % Phy DF OF 
 1 Seth Jones               Alex Goligoski           55     1   2  2  
 2 Ryan Pulock              John Klingberg           45     1   2  2  

Last Minutes Offensive
   Center                   Left Wing                Right Wing               Defense                  Defense                  
   Connor McDavid           Jonathan Audy-MarchessaulNathan MacKinnon         Seth Jones               Jakob Chychrun           

Last Minutes Defensive
   Center                   Left Wing                Right Wing               Defense                  Defense                  
   Connor McDavid           Phillip Danault          Jonathan Audy-MarchessaulSeth Jones               Alex Goligoski           

Goaltenders
Starting : Darcy Kuemper            
Backup : Brian Elliott            

Extra Forwards
Normal : Nikolaj Ehlers, Nathan MacKinnon, Connor McDavid - PP : Chris Kreider, Jonathan Audy-Marchessault - PK : Nikolaj Ehlers
Extra Defensemen
Normal : Ryan Pulock, Seth Jones, Alex Goligoski - PP : Jakob Chychrun - PK : Jani Hakanpaa, Seth Jones
Penalty Shots
Connor McDavid, Nathan MacKinnon, Chris Kreider, Jonathan Audy-Marchessault, Joshua Norris
Custom OT Lines Forwards
Nathan MacKinnon, Chris Kreider, Connor McDavid, Jonathan Audy-Marchessault, Joshua Norris, Nikolaj Ehlers, Phillip Danault, Erik Haula, Patric Hornqvist, Ryan Lomberg
Custom OT Lines Defensemen
Seth Jones, Jakob Chychrun, John Klingberg, Alex Goligoski, Ryan Pulock

Scratches
Ben Chiarot (Left Forearm Injury)

% Time on Ice - LONG BEACH BARACUDAS

Lines # - Real PCT - Wanted PCT - Time Play
Normal Forward
1 - 35% - 38% - 17:31
2 - 30% - 31% - 14:59
3 - 22% - 21% - 11:04
4 - 14% - 10% - 6:56
Normal Defense
1 - 43% - 36% - 21:37
2 - 24% - 31% - 11:59
3 - 23% - 23% - 11:45
4 - 10% - 10% - 5:09
PP Forward
1 - 46% - 55% - 3:18
2 - 54% - 45% - 3:53
PP Defense
1 - 67% - 55% - 4:48
2 - 33% - 45% - 2:23
PK Forward
1 - 78% - 55% - 1:33
2 - 22% - 45% - 0:26
PK Defense
1 - 76% - 55% - 1:30
2 - 24% - 45% - 0:29
PK3 Forward
1 - 0% - 55%
2 - 0% - 45%
PK3 Defense
1 - 0% - 55%
2 - 0% - 45%
44 Forward
1 - 0% - 55%
2 - 0% - 45%
44 Defense
1 - 0% - 55%
2 - 0% - 45%
Last Minute Offensive  - 0:00
Last Minute Defensive  - 0:20
Total
Forward - 60:00
Defense - 60:00

% Time on Ice - ANCHORAGE ACES

Lines # - Real PCT - Wanted PCT - Time Play
Normal Forward
1 - 33% - 32% - 16:24
2 - 35% - 32% - 17:17
3 - 27% - 28% - 13:30
4 - 5% - 8% - 2:41
Normal Defense
1 - 28% - 34% - 14:11
2 - 34% - 31% - 16:45
3 - 24% - 24% - 12:01
4 - 14% - 11% - 6:55
PP Forward
1 - 61% - 50% - 1:12
2 - 39% - 50% - 0:47
PP Defense
1 - 39% - 50% - 0:47
2 - 61% - 50% - 1:12
PK Forward
1 - 45% - 50% - 3:15
2 - 55% - 50% - 3:56
PK Defense
1 - 53% - 50% - 3:48
2 - 47% - 50% - 3:23
PK3 Forward
1 - 0% - 55%
2 - 0% - 45%
PK3 Defense
1 - 0% - 55%
2 - 0% - 45%
44 Forward
1 - 0% - 50%
2 - 0% - 50%
44 Defense
1 - 0% - 55%
2 - 0% - 45%
Last Minute Offensive  - 0:58
Last Minute Defensive  - 0:00
Total
Forward - 60:00
Defense - 60:00

Play-by-Play

1st period


0:01 of 1st period - William Karlsson wins face-off versus Connor McDavid in neutral zone.
0:14 of 1st period - Alex Pietrangelo is hit by Phillip Danault.
0:18 of 1st period - Shot by Connor McDavid.
0:18 of 1st period - Shot Misses the Net.
0:23 of 1st period - Connor McDavid is hit by Alex Pietrangelo and loses puck.
0:34 of 1st period - Shot by Phillip Danault.
0:34 of 1st period - Stopped by Pyotr Kochetkov without a rebound.
0:35 of 1st period - Nicklas Backstrom wins face-off versus Joshua Norris in LONG BEACH BARACUDAS zone.
0:54 of 1st period - Icing by Nathan MacKinnon.
0:55 of 1st period - Joshua Norris wins face-off versus Alexandre Texier in ANCHORAGE ACES zone.
1:36 of 1st period - Nathan MacKinnon is hit by P.K. Subban and loses puck.
1:48 of 1st period - Patric Hornqvist is hit by Craig Smith and loses puck.
1:55 of 1st period - Icing by Craig Smith.
1:56 of 1st period - Ryan Lomberg wins face-off versus Alexandre Texier in LONG BEACH BARACUDAS zone.
1:57 of 1st period - Shot by Phillip Danault.
1:57 of 1st period - Shot Blocked by Antoine Roussel.
2:08 of 1st period - Icing by Derrick Pouliot.
2:09 of 1st period - Erik Haula wins face-off versus Alexandre Texier in LONG BEACH BARACUDAS zone.
2:33 of 1st period - Off-side.
2:34 of 1st period - Connor McDavid wins face-off versus Nicklas Backstrom in neutral zone.
4:09 of 1st period - Shot by Alex Pietrangelo.
4:09 of 1st period - Shot Misses the Net.
4:41 of 1st period - Shot by Nikolaj Ehlers.
4:41 of 1st period - Shot Hit the Post.
5:03 of 1st period - Shot by Derek Stepan.
5:03 of 1st period - Shot Misses the Net.
5:05 of 1st period - Shot by Alexander Romanov.
5:05 of 1st period - Shot Blocked by Jani Hakanpaa.
5:32 of 1st period - Nicklas Backstrom is hit by Jani Hakanpaa and loses puck.
6:26 of 1st period - Icing by John Klingberg.
6:27 of 1st period - Erik Haula wins face-off versus William Karlsson in ANCHORAGE ACES zone.
6:44 of 1st period - Shot by Chris Kreider.
6:44 of 1st period - Stopped by Pyotr Kochetkov without a rebound.
6:45 of 1st period - Nicklas Backstrom wins face-off versus Joshua Norris in LONG BEACH BARACUDAS zone.
6:45 of 1st period - Taylor Hall is hit by Chris Kreider and loses puck.
7:04 of 1st period - Shot by Chris Kreider.
7:04 of 1st period - Shot Blocked by Alexander Romanov.
7:30 of 1st period - Derrick Pouliot is hit by Joshua Norris and loses puck.
7:41 of 1st period - Icing by William Karlsson.
7:42 of 1st period - Phillip Danault wins face-off versus Seth Jarvis in LONG BEACH BARACUDAS zone.
8:18 of 1st period - Off-side.
8:19 of 1st period - Derek Stepan wins face-off versus Connor McDavid in neutral zone.
8:19 of 1st period - Derek Stepan is hit by Connor McDavid.
8:22 of 1st period - Minor Penalty to Alex Goligoski for Tripping.
8:23 of 1st period - Phillip Danault wins face-off versus Brock McGinn in ANCHORAGE ACES zone.
8:51 of 1st period - Icing by Alex Pietrangelo.
8:52 of 1st period - Erik Haula wins face-off versus Brock McGinn in LONG BEACH BARACUDAS zone.
10:09 of 1st period - Icing by Derek Stepan.
10:10 of 1st period - Phillip Danault wins face-off versus Derek Stepan in LONG BEACH BARACUDAS zone.
10:10 of 1st period - Seth Jones is hit by P.K. Subban and loses puck.
10:45 of 1st period - Shot by Craig Smith.
10:45 of 1st period - Stopped by Darcy Kuemper without a rebound.
10:46 of 1st period - Connor McDavid wins face-off versus Nicklas Backstrom in ANCHORAGE ACES zone.
10:52 of 1st period - Icing by Phillip Danault.
10:53 of 1st period - William Karlsson wins face-off versus Connor McDavid in ANCHORAGE ACES zone.
11:29 of 1st period - Shot by Jaden Schwartz.
11:29 of 1st period - Stopped by Darcy Kuemper without a rebound.
11:30 of 1st period - Nicklas Backstrom wins face-off versus Joshua Norris in ANCHORAGE ACES zone.
11:30 of 1st period - Nicklas Backstrom is hit by Alex Goligoski.
11:38 of 1st period - Shot by Joshua Norris.
11:38 of 1st period - Stopped by Pyotr Kochetkov with a rebound.
11:54 of 1st period - Shot by Nathan MacKinnon.
11:54 of 1st period - Shot Misses the Net.
13:35 of 1st period - Shot by Connor McDavid.
13:35 of 1st period - Stopped by Pyotr Kochetkov without a rebound.
13:36 of 1st period - Chris Kreider wins face-off versus William Karlsson in LONG BEACH BARACUDAS zone.
13:52 of 1st period - William Karlsson is hit by Jack Johnson and loses puck.
14:19 of 1st period - Shot by Chris Kreider.
14:19 of 1st period - Shot Misses the Net.
14:54 of 1st period - Icing by Jani Hakanpaa.
14:55 of 1st period - Nicklas Backstrom wins face-off versus Connor McDavid in ANCHORAGE ACES zone.
15:16 of 1st period - Shot by Brock McGinn.
15:16 of 1st period - Stopped by Darcy Kuemper without a rebound.
15:17 of 1st period - Erik Haula wins face-off versus Alexandre Texier in ANCHORAGE ACES zone.
15:23 of 1st period - Icing by Craig Smith.
15:24 of 1st period - Alexandre Texier wins face-off versus Joshua Norris in LONG BEACH BARACUDAS zone.
15:24 of 1st period - Alexandre Texier is hit by Joshua Norris.
16:33 of 1st period - Jakob Chychrun is hit by Brock McGinn and loses puck.
17:17 of 1st period - William Karlsson is hit by Ryan Pulock.
17:31 of 1st period - Shot by Jaden Schwartz.
17:31 of 1st period - Stopped by Darcy Kuemper with a rebound.
18:02 of 1st period - Icing by P.K. Subban.
18:03 of 1st period - Derek Stepan wins face-off versus Connor McDavid in LONG BEACH BARACUDAS zone.
18:11 of 1st period - Derek Stepan is hit by Alex Goligoski and loses puck.
18:40 of 1st period - Seth Jones is hit by Brock McGinn and loses puck.
19:04 of 1st period - Brock McGinn is hit by Alex Goligoski.
19:16 of 1st period - Icing by Jonathan Audy-Marchessault.
19:17 of 1st period - William Karlsson wins face-off versus Connor McDavid in ANCHORAGE ACES zone.
19:24 of 1st period - Shot by Seth Jarvis.
19:24 of 1st period - Stopped by Darcy Kuemper with a rebound.
19:49 of 1st period - William Karlsson is hit by Seth Jones and loses puck.
19:56 of 1st period - Shot by Seth Jarvis.
19:56 of 1st period - Shot Misses the Net.
19:58 of 1st period - Shot by Seth Jarvis.
19:58 of 1st period - Stopped by Darcy Kuemper without a rebound.
19:59 of 1st period - Chris Kreider wins face-off versus Alexandre Texier in ANCHORAGE ACES zone.
19:59 of 1st period - Nathan MacKinnon is hit by Antoine Roussel and loses puck.
Goals for this period are 0 for LONG BEACH BARACUDAS vs 0 for ANCHORAGE ACES.
Shots for this period are 6 for LONG BEACH BARACUDAS vs 4 for ANCHORAGE ACES.

2nd period


0:01 of 2nd period - Chris Kreider wins face-off versus William Karlsson in neutral zone.
0:15 of 2nd period - Off-side.
0:16 of 2nd period - Nicklas Backstrom wins face-off versus Phillip Danault in neutral zone.
0:19 of 2nd period - Shot by Taylor Hall.
0:19 of 2nd period - Shot Blocked by Phillip Danault.
0:55 of 2nd period - Shot by Phillip Danault.
0:55 of 2nd period - Deflect By Andrew Ladd.
0:55 of 2nd period - Stopped by Pyotr Kochetkov without a rebound.
0:56 of 2nd period - William Karlsson wins face-off versus Joshua Norris in LONG BEACH BARACUDAS zone.
1:31 of 2nd period - Shot by William Karlsson.
1:31 of 2nd period - Shot Misses the Net.
1:33 of 2nd period - Shot by William Karlsson.
1:33 of 2nd period - Stopped by Darcy Kuemper without a rebound.
1:34 of 2nd period - Erik Haula wins face-off versus Alexandre Texier in ANCHORAGE ACES zone.
2:02 of 2nd period - P.K. Subban is hit by Jani Hakanpaa and loses puck.
3:02 of 2nd period - Shot by Chris Kreider.
3:02 of 2nd period - Shot Blocked by Alexander Romanov.
3:20 of 2nd period - Shot by Chris Kreider.
3:20 of 2nd period - Shot Blocked by Taylor Hall.
3:22 of 2nd period - Shot by Nathan MacKinnon.
3:22 of 2nd period - Shot Misses the Net.
4:35 of 2nd period - Shot by William Karlsson.
4:35 of 2nd period - Stopped by Darcy Kuemper without a rebound.
4:36 of 2nd period - Alexandre Texier wins face-off versus Joshua Norris in ANCHORAGE ACES zone.
5:16 of 2nd period - Shot by Chris Kreider.
5:16 of 2nd period - Deflect By Joshua Norris.
5:16 of 2nd period - Stopped by Pyotr Kochetkov without a rebound.
5:17 of 2nd period - Erik Haula wins face-off versus Derek Stepan in LONG BEACH BARACUDAS zone.
7:35 of 2nd period - Shot by Nathan MacKinnon.
7:35 of 2nd period - Shot Misses the Net.
7:37 of 2nd period - Shot by Joshua Norris.
7:37 of 2nd period - Stopped by Pyotr Kochetkov with a rebound.
7:39 of 2nd period - Shot by Nathan MacKinnon.
7:39 of 2nd period - Shot Misses the Net.
7:41 of 2nd period - Shot by Joshua Norris.
7:41 of 2nd period - Stopped by Pyotr Kochetkov without a rebound.
7:42 of 2nd period - Nicklas Backstrom wins face-off versus Erik Haula in LONG BEACH BARACUDAS zone.
7:47 of 2nd period - Nikolaj Ehlers is hit by Taylor Hall and loses puck.
7:59 of 2nd period - Icing by Seth Jones.
8:00 of 2nd period - Jaden Schwartz wins face-off versus Erik Haula in ANCHORAGE ACES zone.
8:21 of 2nd period - Shot by Jaden Schwartz.
8:21 of 2nd period - Stopped by Darcy Kuemper with a rebound.
8:38 of 2nd period - Icing by Seth Jones.
8:39 of 2nd period - Nicklas Backstrom wins face-off versus Nikolaj Ehlers in ANCHORAGE ACES zone.
9:10 of 2nd period - Shot by Nicklas Backstrom.
9:10 of 2nd period - Shot Misses the Net.
10:12 of 2nd period - Shot by Chris Kreider.
10:12 of 2nd period - Stopped by Pyotr Kochetkov without a rebound.
10:13 of 2nd period - William Karlsson wins face-off versus Phillip Danault in LONG BEACH BARACUDAS zone.
10:15 of 2nd period - Seth Jarvis is hit by Ryan Lomberg.
10:25 of 2nd period - Shot by William Karlsson.
10:25 of 2nd period - Stopped by Darcy Kuemper with a rebound.
10:27 of 2nd period - Shot by Seth Jarvis.
10:27 of 2nd period - Shot Misses the Net.
10:29 of 2nd period - Shot by William Karlsson.
10:29 of 2nd period - Goal by William Karlsson - LONG BEACH BARACUDAS : 1 - ANCHORAGE ACES : 0.
10:30 of 2nd period - Derek Stepan wins face-off versus Joshua Norris in neutral zone.
10:46 of 2nd period - Shot by Chris Kreider.
10:46 of 2nd period - Stopped by Pyotr Kochetkov without a rebound.
10:47 of 2nd period - Patric Hornqvist wins face-off versus Seth Jarvis in LONG BEACH BARACUDAS zone.
11:26 of 2nd period - Shot by Nikolaj Ehlers.
11:26 of 2nd period - Shot Blocked by P.K. Subban.
11:28 of 2nd period - Shot by Nikolaj Ehlers.
11:28 of 2nd period - Shot Misses the Net.
12:48 of 2nd period - Shot by Joshua Norris.
12:48 of 2nd period - Shot Misses the Net.
12:50 of 2nd period - Shot by Ryan Pulock.
12:50 of 2nd period - Shot Misses the Net.
12:52 of 2nd period - Shot by Nathan MacKinnon.
12:52 of 2nd period - Stopped by Pyotr Kochetkov without a rebound.
12:53 of 2nd period - Connor McDavid wins face-off versus Alexandre Texier in LONG BEACH BARACUDAS zone.
13:00 of 2nd period - Shot by Phillip Danault.
13:00 of 2nd period - Stopped by Pyotr Kochetkov without a rebound.
13:01 of 2nd period - William Karlsson wins face-off versus Connor McDavid in LONG BEACH BARACUDAS zone.
13:01 of 2nd period - William Karlsson is hit by Phillip Danault.
13:13 of 2nd period - Shot by Seth Jarvis.
13:13 of 2nd period - Shot Misses the Net.
14:10 of 2nd period - Shot by Chris Kreider.
14:10 of 2nd period - Stopped by Pyotr Kochetkov without a rebound.
14:11 of 2nd period - Joshua Norris wins face-off versus Alexandre Texier in LONG BEACH BARACUDAS zone.
14:14 of 2nd period - Shot by Nathan MacKinnon.
14:14 of 2nd period - Stopped by Pyotr Kochetkov with a rebound.
14:16 of 2nd period - Shot by Nathan MacKinnon.
14:16 of 2nd period - Goal by Nathan MacKinnon - LONG BEACH BARACUDAS : 1 - ANCHORAGE ACES : 1.
14:17 of 2nd period - Joshua Norris wins face-off versus Alexandre Texier in neutral zone.
14:45 of 2nd period - Alexandre Texier is hit by Jack Johnson and loses puck.
15:15 of 2nd period - Minor Penalty to Jack Johnson for Hooking.
15:16 of 2nd period - Derek Stepan wins face-off versus Patric Hornqvist in ANCHORAGE ACES zone.
15:16 of 2nd period - Derek Stepan is hit by Jani Hakanpaa.
15:31 of 2nd period - Seth Jarvis is hit by Jani Hakanpaa and loses puck.
16:49 of 2nd period - Shot by Jaden Schwartz.
16:49 of 2nd period - Shot Misses the Net.
16:51 of 2nd period - Shot by Seth Jarvis.
16:51 of 2nd period - Shot Blocked by Alex Goligoski.
16:53 of 2nd period - Shot by Alex Pietrangelo.
16:53 of 2nd period - Shot Misses the Net.
16:55 of 2nd period - Shot by Ryan Murray.
16:55 of 2nd period - Stopped by Darcy Kuemper without a rebound.
16:56 of 2nd period - Erik Haula wins face-off versus Nicklas Backstrom in ANCHORAGE ACES zone.
17:36 of 2nd period - Shot by Joshua Norris.
17:36 of 2nd period - Stopped by Pyotr Kochetkov without a rebound.
17:37 of 2nd period - Connor McDavid wins face-off versus William Karlsson in LONG BEACH BARACUDAS zone.
18:11 of 2nd period - Shot by Jaden Schwartz.
18:11 of 2nd period - Stopped by Darcy Kuemper without a rebound.
18:12 of 2nd period - Nicklas Backstrom wins face-off versus Joshua Norris in ANCHORAGE ACES zone.
18:54 of 2nd period - Minor Penalty to Alex Pietrangelo for Interference.
18:55 of 2nd period - Connor McDavid wins face-off versus Nicklas Backstrom in LONG BEACH BARACUDAS zone.
18:56 of 2nd period - Shot by Chris Kreider.
18:56 of 2nd period - Shot Misses the Net.
19:17 of 2nd period - Shot by Connor McDavid.
19:17 of 2nd period - Stopped by Pyotr Kochetkov with a rebound.
19:19 of 2nd period - Shot by Connor McDavid.
19:19 of 2nd period - Stopped by Pyotr Kochetkov without a rebound.
19:20 of 2nd period - Joshua Norris wins face-off versus Jaden Schwartz in LONG BEACH BARACUDAS zone.
19:20 of 2nd period - Joshua Norris is hit by Alexander Romanov.
19:56 of 2nd period - Shot by Jakob Chychrun.
19:56 of 2nd period - Shot Misses the Net.
Goals for this period are 1 for LONG BEACH BARACUDAS vs 1 for ANCHORAGE ACES.
Shots for this period are 7 for LONG BEACH BARACUDAS vs 14 for ANCHORAGE ACES.

3rd period


0:01 of 3rd period - Nicklas Backstrom wins face-off versus Connor McDavid in neutral zone.
0:44 of 3rd period - Shot by Connor McDavid.
0:44 of 3rd period - Shot Hit the Post.
0:46 of 3rd period - Shot by Alex Goligoski.
0:46 of 3rd period - Stopped by Pyotr Kochetkov without a rebound.
0:47 of 3rd period - Jaden Schwartz wins face-off versus Joshua Norris in LONG BEACH BARACUDAS zone.
1:18 of 3rd period - Shot by Jakob Chychrun.
1:18 of 3rd period - Shot Misses the Net.
1:20 of 3rd period - Shot by Phillip Danault.
1:20 of 3rd period - Shot Blocked by Alex Pietrangelo.
2:22 of 3rd period - Shot by Jaden Schwartz.
2:22 of 3rd period - Shot Misses the Net.
2:44 of 3rd period - Shot by Taylor Hall.
2:44 of 3rd period - Shot Misses the Net.
3:00 of 3rd period - Shot by Nicklas Backstrom.
3:00 of 3rd period - Stopped by Darcy Kuemper without a rebound.
3:01 of 3rd period - Connor McDavid wins face-off versus Alexandre Texier in ANCHORAGE ACES zone.
3:18 of 3rd period - Shot by Antoine Roussel.
3:18 of 3rd period - Stopped by Darcy Kuemper without a rebound.
3:19 of 3rd period - Joshua Norris wins face-off versus Nicklas Backstrom in ANCHORAGE ACES zone.
3:44 of 3rd period - Shot by Nicklas Backstrom.
3:44 of 3rd period - Stopped by Darcy Kuemper with a rebound.
4:38 of 3rd period - Shot by Connor McDavid.
4:38 of 3rd period - Shot Misses the Net.
4:40 of 3rd period - Shot by Connor McDavid.
4:40 of 3rd period - Shot Misses the Net.
4:42 of 3rd period - Shot by Connor McDavid.
4:42 of 3rd period - Shot Misses the Net.
4:54 of 3rd period - Shot by Connor McDavid.
4:54 of 3rd period - Shot Misses the Net.
5:03 of 3rd period - Shot by Phillip Danault.
5:03 of 3rd period - Stopped by Pyotr Kochetkov without a rebound.
5:04 of 3rd period - Erik Haula wins face-off versus Alexandre Texier in LONG BEACH BARACUDAS zone.
5:11 of 3rd period - Shot by Nikolaj Ehlers.
5:11 of 3rd period - Stopped by Pyotr Kochetkov without a rebound.
5:12 of 3rd period - Erik Haula wins face-off versus Alexandre Texier in LONG BEACH BARACUDAS zone.
5:40 of 3rd period - Shot by Nikolaj Ehlers.
5:40 of 3rd period - Shot Misses the Net.
5:47 of 3rd period - Icing by Alex Pietrangelo.
5:48 of 3rd period - Connor McDavid wins face-off versus Alexandre Texier in LONG BEACH BARACUDAS zone.
5:51 of 3rd period - Shot by Jonathan Audy-Marchessault.
5:51 of 3rd period - Shot Misses the Net.
5:53 of 3rd period - Shot by Connor McDavid.
5:53 of 3rd period - Stopped by Pyotr Kochetkov with a rebound.
6:09 of 3rd period - Icing by Alexandre Texier.
6:10 of 3rd period - Alexandre Texier wins face-off versus Joshua Norris in LONG BEACH BARACUDAS zone.
6:10 of 3rd period - Alexandre Texier is hit by Nathan MacKinnon.
6:15 of 3rd period - Icing by Alex Pietrangelo.
6:16 of 3rd period - Phillip Danault wins face-off versus Alexandre Texier in LONG BEACH BARACUDAS zone.
6:28 of 3rd period - Connor McDavid is hit by Alex Pietrangelo and loses puck.
6:33 of 3rd period - Shot by Jonathan Audy-Marchessault.
6:33 of 3rd period - Shot Misses the Net.
6:43 of 3rd period - Shot by Connor McDavid.
6:43 of 3rd period - Shot Blocked by Alex Pietrangelo.
6:43 of 3rd period - Alex Pietrangelo from LONG BEACH BARACUDAS is injured at 6:43 of 3rd period (Concussion).
6:44 of 3rd period - William Karlsson wins face-off versus Joshua Norris in LONG BEACH BARACUDAS zone.
6:44 of 3rd period - William Karlsson is hit by Chris Kreider.
6:47 of 3rd period - Minor Penalty to Nathan MacKinnon for Hooking.
6:48 of 3rd period - Derek Stepan wins face-off versus Erik Haula in ANCHORAGE ACES zone.
6:48 of 3rd period - Seth Jarvis is hit by Jani Hakanpaa and loses puck.
7:02 of 3rd period - Jaden Schwartz is hit by Alex Goligoski and loses puck.
8:03 of 3rd period - Shot by Craig Smith.
8:03 of 3rd period - Stopped by Darcy Kuemper without a rebound.
8:04 of 3rd period - Phillip Danault wins face-off versus Derek Stepan in ANCHORAGE ACES zone.
9:03 of 3rd period - Shot by Chris Kreider.
9:03 of 3rd period - Shot Blocked by Derrick Pouliot.
10:56 of 3rd period - Off-side.
10:57 of 3rd period - Derek Stepan wins face-off versus Joshua Norris in neutral zone.
11:04 of 3rd period - Shot by Derek Stepan.
11:04 of 3rd period - Deflect By Robert Fabbri.
11:04 of 3rd period - Shot Misses the Net.
11:06 of 3rd period - Shot by Derek Stepan.
11:06 of 3rd period - Stopped by Darcy Kuemper without a rebound.
11:07 of 3rd period - Nathan MacKinnon wins face-off versus Seth Jarvis in ANCHORAGE ACES zone.
11:13 of 3rd period - Icing by Alexander Romanov.
11:14 of 3rd period - William Karlsson wins face-off versus Joshua Norris in LONG BEACH BARACUDAS zone.
11:46 of 3rd period - Shot by Nathan MacKinnon.
11:46 of 3rd period - Shot Blocked by Seth Jarvis.
11:48 of 3rd period - Shot by Nathan MacKinnon.
11:48 of 3rd period - Shot Misses the Net.
11:50 of 3rd period - Shot by Seth Jones.
11:50 of 3rd period - Shot Misses the Net.
11:52 of 3rd period - Shot by Chris Kreider.
11:52 of 3rd period - Stopped by Pyotr Kochetkov with a rebound.
12:00 of 3rd period - Seth Jones is hit by William Karlsson and loses puck.
12:46 of 3rd period - Shot by Nicklas Backstrom.
12:46 of 3rd period - Shot Misses the Net.
12:48 of 3rd period - Shot by Brock McGinn.
12:48 of 3rd period - Shot Blocked by Phillip Danault.
12:50 of 3rd period - Shot by Taylor Hall.
12:50 of 3rd period - Stopped by Darcy Kuemper with a rebound.
13:12 of 3rd period - Minor Penalty to Jonathan Audy-Marchessault for Hooking.
13:13 of 3rd period - Erik Haula wins face-off versus Derek Stepan in ANCHORAGE ACES zone.
14:20 of 3rd period - Shot by Craig Smith.
14:20 of 3rd period - Shot Misses the Net.
14:22 of 3rd period - Shot by Nicklas Backstrom.
14:22 of 3rd period - Stopped by Darcy Kuemper with a rebound.
14:24 of 3rd period - Shot by Craig Smith.
14:24 of 3rd period - Shot Misses the Net.
14:26 of 3rd period - Shot by Craig Smith.
14:26 of 3rd period - Goal by Craig Smith - LONG BEACH BARACUDAS : 2 - ANCHORAGE ACES : 1.
14:27 of 3rd period - Alexandre Texier wins face-off versus Joshua Norris in neutral zone.
15:37 of 3rd period - Shot by Connor McDavid.
15:37 of 3rd period - Deflect By Phillip Danault.
15:37 of 3rd period - Stopped by Pyotr Kochetkov with a rebound.
15:50 of 3rd period - Icing by Ryan Murray.
15:51 of 3rd period - Erik Haula wins face-off versus Derek Stepan in LONG BEACH BARACUDAS zone.
16:22 of 3rd period - Shot by Seth Jones.
16:22 of 3rd period - Shot Misses the Net.
16:49 of 3rd period - Phillip Danault is hit by Alexander Romanov.
16:51 of 3rd period - Shot by Connor McDavid.
16:51 of 3rd period - Shot Misses the Net.
17:53 of 3rd period - Shot by Taylor Hall.
17:53 of 3rd period - Stopped by Darcy Kuemper without a rebound.
17:54 of 3rd period - Joshua Norris wins face-off versus Antoine Roussel in ANCHORAGE ACES zone.
18:13 of 3rd period - Shot by Antoine Roussel.
18:13 of 3rd period - Shot Misses the Net.
18:37 of 3rd period - Shot by Jaden Schwartz.
18:37 of 3rd period - Shot Misses the Net.
18:39 of 3rd period - Shot by Jaden Schwartz.
18:39 of 3rd period - Shot Blocked by Chris Kreider.
18:41 of 3rd period - Shot by William Karlsson.
18:41 of 3rd period - Shot Misses the Net.
18:43 of 3rd period - Shot by William Karlsson.
18:43 of 3rd period - Shot Misses the Net.
18:45 of 3rd period - Shot by Seth Jarvis.
18:45 of 3rd period - Stopped by Darcy Kuemper without a rebound.
18:46 of 3rd period - Nicklas Backstrom wins face-off versus Erik Haula in ANCHORAGE ACES zone.
18:53 of 3rd period - Icing by Patric Hornqvist.
18:54 of 3rd period - Erik Haula wins face-off versus Jaden Schwartz in ANCHORAGE ACES zone.
18:54 of 3rd period - Erik Haula is hit by Jaden Schwartz.
19:00 of 3rd period - William Karlsson is hit by Erik Haula.
19:01 of 3rd period - Icing by William Karlsson.
19:02 of 3rd period - William Karlsson wins face-off versus Connor McDavid in LONG BEACH BARACUDAS zone.
19:09 of 3rd period - ANCHORAGE ACES, Darcy Kuemper is pulled from the net.
19:39 of 3rd period - Off-side.
19:40 of 3rd period - Connor McDavid wins face-off versus William Karlsson in neutral zone.
19:46 of 3rd period - Icing by Alexander Romanov.
19:47 of 3rd period - William Karlsson wins face-off versus Connor McDavid in LONG BEACH BARACUDAS zone.
19:47 of 3rd period - William Karlsson is hit by Connor McDavid.
Goals for this period are 1 for LONG BEACH BARACUDAS vs 0 for ANCHORAGE ACES.
Shots for this period are 10 for LONG BEACH BARACUDAS vs 6 for ANCHORAGE ACES.


NATHAN
MACKINNON
PHILLIP
DANAULT
CONNOR
MCDAVID

EAST COAST

HOCKEY LEAGUE

  • 25.QUE4CHI5
  • 26.CHA2LIM3
  • 27.TRV2LON3
  • 28.CHW4BAL2
  • 29.PITMAN
  • 30.ATLNHW
  • 31.WORPET
  • 32.RHI